 Dungeon Crawl Stone Soup version 0.21.1-1-g345015f (webtiles) character file.

293 kae the Insei (level 6, -2/43 HPs)
             Began as an Octopode Transmuter on May 26, 2018.
             Slain by an orc
             ... wielding a +0 mace
              (9 damage)
             ... on level 3 of the Dungeon.
             The game lasted 00:02:31 (2934 turns).

kae the Insei (Octopode Transmuter)                 Turns: 2934, Time: 00:02:32

Health: -2/43      AC:  1    Str:  9    XL:     6   Next: 33%
Magic:  8/12       EV: 16    Int: 19    God:
Gold:   100        SH:  0    Dex: 15    Spells: 7/13 levels left

rFire    . . .     SeeInvis .     - Unarmed
rCold    + . .     Gourm    .   i - +0 buckler
rNeg     . . .     Faith    .   (helmet restricted)
rPois    +         Spirit   .   (no amulet)
rElec    .         Reflect  .   d - +4 ring of intelligence
rCorr    .         Harm     .   h - ring of poison resistance
MR       .....                  l - ring of protection from cold
Stlth    ++........             (no ring)
HPRegen  0.14/turn              (no ring)
MPRegen  0.13/turn              (no ring)
                                (no ring)
                                (no ring)

@: confused, flying, hasted, very quick
A: almost no armour, stealthy swim, amphibious, 8 rings, constrict 8, camouflage
1, gelatinous body 1
a: no special abilities


You were on level 3 of the Dungeon.
You were not hungry.

You visited 1 branch of the dungeon, and saw 3 of its levels.

You collected 100 gold pieces.

Inventory:

Missiles
 a - 28 arrows
Armour
 i - a +0 buckler (worn)
Jewellery
 d - a +4 ring of intelligence (left tentacle)
 h - a ring of poison resistance (right tentacle)
 l - a ring of protection from cold (on tentacle)
Wands
 j - a wand of digging (12)
 n - a wand of iceblast (10)
Scrolls
 f - 10 scrolls of identify {unknown}
 k - a scroll of remove curse {unknown}
 m - a scroll of blinking {unknown}
Books
 b - a book of Changes

   Spells                             Type                      Level
   a - Beastly Appendage              Transmutation                1
   b - Sticks to Snakes               Transmutation                2
   c - Spider Form                    Transmutation/Poison         3
   d - Ice Form                       Ice/Transmutation            4
   e - Blade Hands                    Transmutation                5
Comestibles
 c - 9 rations


   Skills:
 + Level 4.2 Fighting
 + Level 4.7 Dodging
 * Level 5.8 Shields
 * Level 6.9 Unarmed Combat
 + Level 4.3 Spellcasting
 * Level 6.4 Transmutations


You had 7 spell levels left.
You knew the following spells:

 Your Spells              Type           Power        Failure   Level  Hunger
a - Beastly Appendage     Tmut           ####..       1%          1    None
b - Sticks to Snakes      Tmut           ####....     1%          2    #......
c - Spider Form           Tmut/Pois      ###.......   11%         3    ###....


Dungeon Overview and Level Annotations

Branches:
Dungeon (3/15)

Altars:
Ashenzari
Dithmenos
Uskayaw
Vehumet

Annotations:
D:3 p0werm0de's ghost, amateur VSWn


Innate Abilities, Weirdness & Mutations

You cannot wear most types of armour.
You are very stealthy in the water. (Stealth+)
You are amphibious.
You can wear up to eight rings at the same time.
You can use your tentacles to constrict eight enemies at once.
Your skin changes colour to match your surroundings (Stealth+).
Your rubbery body absorbs attacks. (AC +1, EV +1)


Message History

Your Unarmed Combat skill gained 3 levels and is now at level 6!
Your Spellcasting skill gained 2 levels and is now at level 4!
Your Transmutations skill gained 3 levels and is now at level 6!
You have reached level 6!
Your experience leads to an increase in your attributes!
Your base attributes are Str 9, Int 15, Dex 14.
Increase (S)trength, (I)ntelligence, or (D)exterity?
You feel agile. The orc wizard closely misses you.
The orc hits you with a short sword.
* * * LOW HITPOINT WARNING * * *
The orc closely misses you.
The orc wizard gestures wildly while chanting.
The orc wizard flickers and vanishes!
Deactivating autopickup; reactivate with Ctrl-A.
The orc hits you with a short sword.
* * * LOW HITPOINT WARNING * * *
The orc misses you.
It was a potion of haste.
You feel yourself speed up. The orc hits you with a mace!
You die...

#..... #.. #.....
##..##### #.....
###....... #..... #..
..#.##### #..... #.#
##....... #.#...
#.###.....##### #.####
#######.##....o)....#
##...## #.†.........({o@#
#.# #.....#
#.#####.##.....## #.#
#....†. #.# #.##(.#.## #.#
#....)# #.# #.##..#.# #.#
##...## #.#
#.##..#.#####.#######..###
#.#
#.##..#..................#
#.#
#.....#######..#.###.....#
#.# ####..# #..#.# #......
#.########..#######..#.#
#.....#


You could see 2 orcs.

Vanquished Creatures
  An orc wizard (D:3)
  3 adders
  An ooze (D:2)
  3 worms
  2 dart slugs (D:1)
  3 leopard geckos
  3 orcs (D:3)
  2 giant cockroaches (D:2)
  12 goblins
  12 hobgoblins
  3 jackals (D:2)
  3 quokkas
  A ball python (D:1)
  9 bats
  4 frilled lizards
  10 kobolds
  6 rats
78 creatures vanquished.

Notes
Turn   | Place    | Note
-------+----------+-------------------------------------------
     0 | D:1      | kae the Octopode Transmuter began the quest for the Orb.
     0 | D:1      | Reached XP level 1. HP: 13/13 MP: 3/3
   143 | D:1      | Reached XP level 2. HP: 9/18 MP: 5/5
   579 | D:1      | Reached XP level 3. HP: 15/23 MP: 6/6
   687 | D:1      | Learned a level 2 spell: Sticks to Snakes
   691 | D:1      | Learned a level 3 spell: Spider Form
   984 | D:2      | Found a radiant altar of Vehumet.
  1258 | D:2      | Reached XP level 4. HP: 25/28 MP: 7/7
  1532 | D:2      | Found a shattered altar of Ashenzari.
  1557 | D:2      | Found a faded altar of an unknown god.
  1793 | D:2      | Reached skill level 1 in Shields
  2047 | D:2      | Found a shadowy altar of Dithmenos.
  2400 | D:3      | Noticed p0werm0de's ghost (amateur VSWn)
  2502 | D:3      | Reached XP level 5. HP: 15/34 MP: 6/8
  2836 | D:3      | Found a hide-covered altar of Uskayaw.
  2930 | D:3      | Reached skill level 5 in Shields
  2930 | D:3      | Reached XP level 6. HP: 15/43 MP: 8/12
  2934 | D:3      | Slain by an orc

Skill      XL: |  1  2  3  4  5 |
---------------+----------------+-----
Shields        | 1 5 |  5.8
Transmutations | 3 6 |  6.4
Fighting       | 4 |  4.2
Dodging        | 4 |  4.7
Unarmed Combat | 6 |  6.9
Spellcasting   | 4 |  4.3

Action                   |  1- 3 |  4- 6 || total
-------------------------+-------+-------++-------
Melee: Unarmed           |    72 |   107 ||   179
       Constrict         |    19 |    24 ||    43
       Tentacles         |    11 |    18 ||    29
       Kick              |     5 |     7 ||    12
       Punch             |     1 |     2 ||     3
 Cast: Beastly Appendage |     3 |     5 ||     8
  Use: Potion            |       |     4 ||     4
 Stab: Sleeping          |     5 |     5 ||    10
  Eat: Chunk             |     1 |     5 ||     6
Armor: Skin              |     4 |     7 ||    11
Dodge: Dodged            |    31 |    66 ||    97
Block: Buckler           |     2 |    16 ||    18
